 Dungeon Crawl Stone Soup version 0.24.1 (webtiles) character file.

Game seed: 18023932998897338845, levelgen mode: deterministic

116 Destapler the Cudgeler (level 5, -2/42 HPs)
             Began as a Hill Orc Wanderer on Mar 31, 2020.
             Was a Follower of Beogh.
             Slain by an orc priest
             ... wielding a +0 club
              (4 damage)
             ... on level 3 of the Dungeon.
             The game lasted 00:08:47 (2411 turns).

Destapler the Cudgeler (Hill Orc Wanderer)          Turns: 2411, Time: 00:08:53

Health: -2/42      AC:  3    Str: 16    XL:     5   Next: 1%
Magic:  8/8        EV: 11    Int: 13    God:    Beogh [*.....]
Gold:   22         SH:  0    Dex:  9    Spells: 7/8 levels left

rFire    . . .     SeeInvis .   e - +2 hand axe (freeze)
rCold    . . .     Gourm    .   (no shield)
rNeg     . . .     Faith    .   d - +0 robe
rPois    .         Spirit   .   q - +1 hat
rElec    .         Reflect  .   (no cloak)
rCorr    .         Harm     .   (no gloves)
MR       .....                  (no boots)
Stlth    ++........             (no amulet)
HPRegen  0.14/turn              (no ring)
MPRegen  0.11/turn              (no ring)

@: no status effects
A: no striking features
a: Renounce Religion


You were on level 3 of the Dungeon.
You worshipped Beogh.
Beogh was aware of your devotion.
You were not hungry.

You visited 1 branch of the dungeon, and saw 4 of its levels.

You collected 22 gold pieces.

Inventory:

Hand Weapons
 a - a +2 mace
 e - a +2 hand axe of freezing (weapon)
Missiles
 o - 7 boomerangs (quivered)
 v - 17 poisoned darts
Armour
 d - a +0 robe (worn)
 q - a +1 hat (worn)
 s - a +0 helmet
Wands
 n - a wand of disintegration (11)
Scrolls
 b - a scroll of enchant weapon {unknown}
 h - a scroll of fear {unknown}
 k - a scroll of magic mapping {unknown}
 u - a scroll of identify {unknown}
Potions
 c - a potion of lignification
 g - a potion of flight {unknown}
 i - 4 potions of curing {unknown}
 j - a potion of mutation {unknown}
 l - a potion of might {unknown}
 m - a potion of haste {unknown}
 p - a potion of brilliance {unknown}
 r - a potion of ambrosia {unknown}
Comestibles
 f - 4 rations
 t - 3 chunks of flesh


   Skills:
 + Level 2.6 Fighting
 + Level 3.2 Maces & Flails
 + Level 3.1 Armour
 + Level 2.1 Stealth
   Level 1.1 Shields
 - Level 2.0 Spellcasting
   Level 1.0 Conjurations


You had 7 spell levels left.
You knew the following spells:

 Your Spells              Type           Power        Failure   Level  Hunger
a - Summon Butterflies    Summ           #.......     26%         1    ##.....

Your spell library contained the following spells:

 Spells                   Type           Power        Failure   Level  Hunger
 Recall                   Summ/Tloc      N/A          58%         3    ####...


Dungeon Overview and Level Annotations

Branches:
Dungeon (4/15)
 Temple: D:4-7

Altars:
Ashenzari
Dithmenos
Hepliaklqana
Vehumet
Xom
Yredelemnul
The Shining One

Annotations:
D:4 exclusion: ogre


Message History

You hit the orc priest. You freeze the orc priest.
The orc priest is moderately wounded.
The orc priest barely misses you.
You hit the orc priest. You freeze the orc priest.
The orc priest is heavily wounded.
The orc priest mumbles some strange prayers to Beogh against you.
Beogh smites you!
* * * LOW HITPOINT WARNING * * *
You hit the orc priest but do no damage.
The orc priest is heavily wounded.
The orc priest barely misses you.
A hobgoblin comes into view.
You closely miss the orc priest.
The orc priest is heavily wounded.
The orc priest mumbles some strange prayers to Beogh against you.
Beogh smites you!
* * * LOW HITPOINT WARNING * * *
The orc priest hits you with a +0 club.
You die...
Beogh appreciates the orc priest's killing of a heretic priest.

.## .. ## #.... .
.# ..... .#..
..... ....... ...
..... ........##o.
..............##o#
..............##o#
..............##@#
..............##.#
.................#
...............###
...............#
..............##
..............#
..............##
.................#


You could see an orc priest and 2 orcs.

Vanquished Creatures
  An orc wizard (D:4)
  Robin (D:3)
  A dart slug (D:3)
  2 leopard geckos (D:1)
  7 orcs
  4 bats
  3 giant cockroaches
  14 goblins
  6 hobgoblins
  4 kobolds
  2 quokkas (D:4)
  A ball python skeleton (D:4)
  2 frilled lizards (D:1)
  A leopard gecko skeleton (D:4)
  A quokka skeleton (D:4)
  7 rats
57 creatures vanquished.

Vanquished Creatures (others)
  2 orcs (D:4)
2 creatures vanquished.

Grand Total: 59 creatures vanquished

Notes
Turn   | Place    | Note
-------+----------+-------------------------------------------
     0 | D:1      | Destapler the Hill Orc Wanderer began the quest for the
                  | Orb.
     0 | D:1      | Destapler set off with the following items: a +2 mace, a
                  | potion of lignification, a +0 robe, a ration; and the
                  | following spell memorised: Summon Butterflies; and the
                  | following spells available to memorise: Recall
     0 | D:1      | Reached XP level 1. HP: 16/16 MP: 3/3
   344 | D:1      | Reached XP level 2. HP: 23/23 MP: 4/4
   903 | D:1      | Reached XP level 3. HP: 24/29 MP: 5/5
  1040 | D:2      | You fall into a shaft and drop 2 floors!
  1120 | D:4      | Reached XP level 4. HP: 9/36 MP: 5/7
  1343 | D:4      | Found a hazy altar of Hepliaklqana.
  1343 | D:4      | Found a shattered altar of Ashenzari.
  1344 | D:4      | Found a glowing golden altar of the Shining One.
  1412 | D:4      | Became a worshipper of Beogh the Brigand
  1448 | D:4      | Noticed an ogre
  1472 | D:4      | Found a shadowy altar of Dithmenos.
  1626 | D:2      | Found a basalt altar of Yredelemnul.
  1626 | D:2      | Found a radiant altar of Vehumet.
  1654 | D:3      | Noticed Robin
  1656 | D:3      | Found a shimmering altar of Xom.
  2000 | D:3      | Killed Robin
  2031 | D:3      | Reached * piety under Beogh
  2405 | D:3      | Reached XP level 5. HP: 27/42 MP: 8/8
  2411 | D:3      | HP: 2/42 [orc priest/divine providence (10)]
  2411 | D:3      | Slain by an orc priest

Levels and vault maps discovered:
D:1:      dpeg_arrival_shrine, layout_basic
D:2:      layout_loops_ring, lemuel_round_altar, nicolae_overflow_hidden_temple
D:3:      layout_rooms, grunt_temple_overflow_order_and_chaos_2,
          lemuel_coloured_pillars_altar, overflow_temple_1_default,
          marbit_many_paths, first_ration, hangedman_glass_teeth, uniq_robin
D:4:      layout_gridville, gammafunk_temple_overflow_claw, old_standard_altar

Skill      XL: |  1  2  3  4 |
---------------+-------------+-----
Fighting       | 2 |  2.6
Spellcasting   | 2 |  2.0
Maces & Flails | 3 |  3.2
Armour         | 3 |  3.1
Stealth        | 2 |  2.1
Shields        | |  1.1
Conjurations   | |  1.0

Action                   |  1- 3 |  4- 6 || total
-------------------------+-------+-------++-------
Melee: Hand axe          |    65 |    81 ||   146
       Mace              |     7 |       ||     7
 Cast: Summon Butterflie |     1 |       ||     1
Invok: Convert to Beogh  |       |     1 ||     1
 Stab: Sleeping          |       |     2 ||     2
  Eat: Chunk             |     1 |     4 ||     5
Armor: Robe              |    16 |    21 ||    37
Dodge: Dodged            |    58 |    73 ||   131
